BSA
FRESNO DEPLORABLES @ JERSEY SHORE D-BAGS
07/04/2026
 
TOP OF THE 1ST
Portland Cards batting - Pitching for Jersey Shore D-Bags : RHP Sergio Martínez
Pitching: RHP Sergio Martínez
Batting: RHB Aaron Scott 0-0: DOUBLE (Line Drive, 3D)
Batting: LHB Keith Beard 0-0: Ball
1-0: DOUBLE (Flyball, 89M)
Aaron Scott scores
Batting: LHB Jeff Daniels 0-0: Ball
1-0: Ball
2-0: Ground out 3-1 (Groundball, 34)
Keith Beard to third
Batting: LHB Paul Mullins 0-0: Foul Ball, location: 2F
0-1: Called Strike
0-2: Foul Ball, location: 2F
0-2: Ball
1-2: Ground out 3-1 (Groundball, 34)
Keith Beard scores
Batting: RHB Paco Arellano 0-0: Ball
1-0: Called Strike
1-1: Ball
2-1: Reached on error, E6 (Groundball, 6)
Batting: LHB Tom Blake 0-0: SINGLE (Groundball, 34D)
Paco Arellano to second
Runner from 2nd tries for 3rd, SAFE, throw made to third
Now in RF: Robert Phillips
Batting: RHB Lonson Seals 0-0: Called Strike
0-1: Foul Ball, location: 2F
0-2: Ball
1-2: Strikes out looking
Top of the 1st over - 2 run(s), 3 hit(s), 1 error(s), 2 left on base; Portland 2 - Jersey Shore 0
BOTTOM OF THE 1ST
Jersey Shore D-Bags batting - Pitching for Portland Cards : LHP Allan Bader
Pitching: LHP Allan Bader
Batting: RHB Ricardo González 0-0: Foul Ball, location: 2F
0-1: Ball
1-1: TRIPLE (Flyball, 8LXD)
Batting: RHB Millard Boyd 0-0: Called Strike
0-1: Ball
1-1: Ground out 6-3 (Groundball, 56)
Ricardo González scores
Batting: LHB Robert Phillips 0-0: Called Strike
0-1: Foul Ball, location: 2F
0-2: SINGLE (Flyball, 89S)
Batting: RHB Matt Doyle 0-0: Ball
Pickoff Throw to First - Out!
1-0: Fly out, F3 (Popup, 23F)
Bottom of the 1st over - 1 run(s), 2 hit(s), 0 error(s), 0 left on base; Portland 2 - Jersey Shore 1
TOP OF THE 2ND
Portland Cards batting - Pitching for Jersey Shore D-Bags : RHP Sergio Martínez
Batting: RHB Germán Rosales 0-0: Ball
1-0: Ball
2-0: Called Strike
2-1: SINGLE (Line Drive, 34D)
Batting: RHB Dani Vázquez 0-0: Ball
1-0: Called Strike
1-1: Ball
2-1: Called Strike
2-2: Ball
3-2: DOUBLE (Flyball, 8RXD)
Germán Rosales to third
Germán Rosales scores
Batting: RHB Aaron Scott 0-0: Called Strike
0-1: Foul Ball, location: 2F
0-2: Ball
1-2: Fly out, F6 (Popup, 56D)
Batting: LHB Keith Beard 0-0: Called Strike
0-1: Ball
1-1: Foul Ball, location: 2F
1-2: Ball
2-2: Ground out 6-3 (Groundball, 6)
Batting: LHB Jeff Daniels 0-0: Ball
Wild Pitch!
Dani Vázquez to third
1-0: Ball
2-0: Called Strike
2-1: Ball
3-1: Base on Balls
Batting: LHB Paul Mullins 0-0: Called Strike
0-1: Ball
1-1: Ball
2-1: Foul Ball, location: 2F
2-2: Ball
3-2: SINGLE (Groundball, 5D)
Dani Vázquez scores
Jeff Daniels to second
Jeff Daniels to third
Batting: RHB Paco Arellano 0-0: Ball
1-0: Called Strike
1-1: Ball
2-1: Foul Ball, location: 2F
2-2: Ball
3-2: Strikes out looking
Top of the 2nd over - 2 run(s), 3 hit(s), 0 error(s), 2 left on base; Portland 4 - Jersey Shore 1
BOTTOM OF THE 2ND
Jersey Shore D-Bags batting - Pitching for Portland Cards : LHP Allan Bader
Batting: RHB Miguel Serna 0-0: Ball
1-0: Swinging Strike
1-1: Ground out 6-3 (Groundball, 6M)
Batting: RHB Wilson Martínez 0-0: Called Strike
0-1: Ball
1-1: Fly out, F3 (Line Drive, 34S)
Batting: RHB Owen Carter 0-0: Foul Ball, location: 2F
0-1: Called Strike
0-2: Foul Ball, location: 2F
0-2: Ball
1-2: Ball
2-2: Foul Ball, location: 2F
2-2: SINGLE (Groundball, 56S)
Batting: RHB Luis Ríos 0-0: Ball
1-0: Called Strike
1-1: Ground out 6-3 (Groundball, 6)
Bottom of the 2nd over - 0 run(s), 1 hit(s), 0 error(s), 1 left on base; Portland 4 - Jersey Shore 1
TOP OF THE 3RD
Portland Cards batting - Pitching for Jersey Shore D-Bags : RHP Sergio Martínez
Batting: LHB Tom Blake 0-0: Ball
1-0: Foul Ball, location: 2F
1-1: Called Strike
1-2: Ball
2-2: Ground out 2-3 (Groundball, 2R)
Batting: RHB Lonson Seals 0-0: Ground out 4-3 (Groundball, 4)
Batting: RHB Germán Rosales 0-0: Ball
1-0: Ground out 1-3 (Groundball, 15)
Top of the 3rd over - 0 run(s), 0 hit(s), 0 error(s), 0 left on base; Portland 4 - Jersey Shore 1
BOTTOM OF THE 3RD
Jersey Shore D-Bags batting - Pitching for Portland Cards : LHP Allan Bader
Batting: RHB Cy Keynes 0-0: Ball
1-0: Ball
2-0: Ball
3-0: Called Strike
3-1: Base on Balls
Batting: RHB Ricardo González 0-0: Ball
1-0: Called Strike
1-1: Foul Ball, location: 2F
1-2: Ball
2-2: Strikes out swinging
Batting: RHB Millard Boyd 0-0: Ball
1-0: Ball
2-0: Grounds into double play, 6-4-3 (Groundball, 6)
Bottom of the 3rd over - 0 run(s), 0 hit(s), 0 error(s), 0 left on base; Portland 4 - Jersey Shore 1
TOP OF THE 4TH
Portland Cards batting - Pitching for Jersey Shore D-Bags : RHP Sergio Martínez
Batting: RHB Dani Vázquez 0-0: Ball
1-0: Ball
2-0: Ball
3-0: Called Strike
3-1: Fly out, F8 (Flyball, 8RM)
Batting: RHB Aaron Scott 0-0: Called Strike
0-1: Ball
1-1: Foul Ball, location: 2F
1-2: Foul Ball, location: 2F
1-2: Fly out, F5 (Popup, 5SF)
Batting: LHB Keith Beard 0-0: Foul Ball, location: 2F
0-1: Ball
1-1: Ball
2-1: Ball
3-1: Foul Ball, location: 2F
3-2: Base on Balls
Batting: LHB Jeff Daniels 0-0: Called Strike
0-1: Ball
1-1: Fly out, F9 (Flyball, 89D)
Top of the 4th over - 0 run(s), 0 hit(s), 0 error(s), 1 left on base; Portland 4 - Jersey Shore 1
BOTTOM OF THE 4TH
Jersey Shore D-Bags batting - Pitching for Portland Cards : LHP Allan Bader
Batting: LHB Robert Phillips 0-0: Foul Ball, location: 2F
0-1: Ball
1-1: Foul Ball, location: 2F
1-2: Foul Ball, location: 2F
1-2: Foul Ball, location: 2F
1-2: Ball
2-2: Ground out 6-3 (Groundball, 6M)
Batting: RHB Matt Doyle 0-0: Called Strike
0-1: Ball
1-1: Swinging Strike
1-2: Ball
2-2: Fly out, F8 (Flyball, 89M)
Batting: RHB Miguel Serna 0-0: Foul Ball, location: 2F
0-1: Ball
1-1: Foul Ball, location: 2F
1-2: Ball
2-2: Ball
3-2: Foul Ball, location: 2F
3-2: Foul Ball, location: 2F
3-2: Foul Ball, location: 2F
3-2: Fly out, F9 (Flyball, 9D)
Bottom of the 4th over - 0 run(s), 0 hit(s), 0 error(s), 0 left on base; Portland 4 - Jersey Shore 1
TOP OF THE 5TH
Portland Cards batting - Pitching for Jersey Shore D-Bags : RHP Sergio Martínez
Batting: LHB Paul Mullins 0-0: Called Strike
0-1: Ball
1-1: SOLO HOME RUN (Line Drive, 9D), Distance : 358 ft
Batting: RHB Paco Arellano 0-0: Ground out 2-3 (Groundball, 2L)
Batting: LHB Tom Blake 0-0: Ground out U3 (Groundball, 3)
Batting: RHB Lonson Seals 0-0: Foul Ball, location: 2F
0-1: Ball
1-1: Ball
2-1: Called Strike
2-2: Strikes out looking
Top of the 5th over - 1 run(s), 1 hit(s), 0 error(s), 0 left on base; Portland 5 - Jersey Shore 1
BOTTOM OF THE 5TH
Jersey Shore D-Bags batting - Pitching for Portland Cards : LHP Allan Bader
Batting: RHB Wilson Martínez 0-0: Called Strike
0-1: Foul Ball, location: 2F
0-2: Ball
1-2: Strikes out swinging
Batting: RHB Owen Carter 0-0: Ball
1-0: Called Strike
1-1: Ball
2-1: Fly out, F3 (Popup, 3D)
Batting: RHB Luis Ríos 0-0: Ground out 1-3 (Groundball, 13S)
Bottom of the 5th over - 0 run(s), 0 hit(s), 0 error(s), 0 left on base; Portland 5 - Jersey Shore 1
TOP OF THE 6TH
Portland Cards batting - Pitching for Jersey Shore D-Bags : RHP Sergio Martínez
Pitching: RHP Johnathan Phillips
Batting: RHB Germán Rosales 0-0: Ball
1-0: Ball
2-0: Foul Ball, location: 2F
2-1: Ball
3-1: Fly out, F8 (Flyball, 8LM)
Batting: RHB Dani Vázquez 0-0: Foul Ball, location: 2F
0-1: SINGLE (Line Drive, 4MD)
Batting: RHB Aaron Scott 0-0: Ball
1-0: Called Strike
1-1: Ball
2-1: Ball
3-1: Called Strike
3-2: Fly out, F3 (Popup, 3F)
Batting: LHB Keith Beard 0-0: Called Strike
0-1: Ball
1-1: Ball
2-1: Foul Ball, location: 2F
2-2: Ball
3-2: Foul Ball, location: 2F
3-2: Ground out U3 (Groundball, 3)
Top of the 6th over - 0 run(s), 1 hit(s), 0 error(s), 1 left on base; Portland 5 - Jersey Shore 1
BOTTOM OF THE 6TH
Jersey Shore D-Bags batting - Pitching for Portland Cards : LHP Allan Bader
Batting: RHB Cy Keynes 0-0: Ball
1-0: Ball
2-0: Ball
3-0: Base on Balls
Batting: RHB Ricardo González 0-0: Ball
1-0: Called Strike
1-1: Swinging Strike
1-2: Ball
2-2: Grounds into double play, 6-4-3 (Groundball, 6)
Batting: RHB Millard Boyd 0-0: Ball
1-0: Ball
2-0: Foul Ball, location: 2F
2-1: Fly out, F9 (Flyball, 89M)
Bottom of the 6th over - 0 run(s), 0 hit(s), 0 error(s), 0 left on base; Portland 5 - Jersey Shore 1
TOP OF THE 7TH
Portland Cards batting - Pitching for Jersey Shore D-Bags : RHP Johnathan Phillips
Batting: LHB Jeff Daniels 0-0: Foul Ball, location: 2F
0-1: Ball
1-1: Hit by Pitch
Batting: LHB Paul Mullins 0-0: Foul Ball, location: 2F
0-1: Ball
1-1: Foul Ball, location: 2F
1-2: Strikes out looking
Batting: RHB Paco Arellano 0-0: Ball
1-0: Called Strike
1-1: Swinging Strike
1-2: Ball
2-2: Strikes out swinging
Batting: LHB Tom Blake 0-0: Called Strike
0-1: Ball
1-1: Ball
2-1: Ball
3-1: Ground out 3-1 (Groundball, 3)
Top of the 7th over - 0 run(s), 0 hit(s), 0 error(s), 1 left on base; Portland 5 - Jersey Shore 1
BOTTOM OF THE 7TH
Jersey Shore D-Bags batting - Pitching for Portland Cards : LHP Allan Bader
Pitching: RHP Eusébio Lagarto
Batting: LHB Robert Phillips 0-0: Ball
1-0: Ball
2-0: Ball
3-0: Called Strike
3-1: Called Strike
3-2: Base on Balls
Batting: RHB Matt Doyle 0-0: Called Strike
0-1: Ball
1-1: Ball
2-1: Foul Ball, location: 2F
2-2: Strikes out swinging
Batting: RHB Miguel Serna 0-0: DOUBLE (Line Drive, 9LD)
Robert Phillips to third
Runner from 3rd tries for Home, SAFE, throw made home
Batting: RHB Wilson Martínez 0-0: DOUBLE (Line Drive, 5L)
Miguel Serna scores
Batting: RHB Owen Carter 0-0: Called Strike
0-1: Ball
1-1: Ball
2-1: Called Strike
2-2: Ground out 4-3 (Groundball, 4M)
Wilson Martínez to third
Batting: RHB Luis Ríos 0-0: Called Strike
0-1: Ball
1-1: Fly out, F8 (Flyball, 8RXD)
Bottom of the 7th over - 2 run(s), 2 hit(s), 0 error(s), 1 left on base; Portland 5 - Jersey Shore 3
TOP OF THE 8TH
Portland Cards batting - Pitching for Jersey Shore D-Bags : RHP Johnathan Phillips
Pitching: RHP Paco Gutiérrez
Batting: RHB Lonson Seals 0-0: Foul Ball, location: 2F
0-1: SINGLE (Groundball, 56D)
Batting: RHB Germán Rosales 0-0: Called Strike
0-1: Ball
1-1: Bunted foul
1-2: Ball
2-2: Fielders Choice at 2nd, 6-4 (Groundball, 6M)
Batting: RHB Dani Vázquez 0-0: Called Strike
0-1: Swinging Strike
0-2: Ball
1-2: Ball
2-2: Grounds into double play, 6-4-3 (Groundball, 6)
Top of the 8th over - 0 run(s), 1 hit(s), 0 error(s), 0 left on base; Portland 5 - Jersey Shore 3
BOTTOM OF THE 8TH
Jersey Shore D-Bags batting - Pitching for Portland Cards : RHP Eusébio Lagarto
Batting: RHB Cy Keynes 0-0: SOLO HOME RUN (Line Drive, 7D), Distance : 367 ft
Pitching: RHP Armen Boyajian
Batting: RHB Ricardo González 0-0: Ground out 5-3 (Groundball, 5S)
Batting: RHB Millard Boyd 0-0: Foul Ball, location: 2F
0-1: Ground out 5-3 (Groundball, 56)
Pitching: LHP Valentín Reséndez
Batting: LHB Robert Phillips 0-0: Ball
1-0: Ball
2-0: Ball
3-0: Called Strike
3-1: Base on Balls
Pitching: RHP César Menéndez
Pinch Hitting: LHB Dave Watt 0-0: Ball
1-0: DOUBLE (Line Drive, 3D)
Robert Phillips to third
Runner from 3rd tries for Home, SAFE, throw made home
Batting: RHB Miguel Serna 0-0: Ball
1-0: Ground out 6-3 (Groundball, 6)
Bottom of the 8th over - 2 run(s), 2 hit(s), 0 error(s), 1 left on base; Portland 5 - Jersey Shore 5
TOP OF THE 9TH
Portland Cards batting - Pitching for Jersey Shore D-Bags : RHP Paco Gutiérrez
Pitching: LHP Gerald Johnson
Now in RF: Dave Watt
Batting: RHB Aaron Scott 0-0: Ground out 6-3 (Groundball, 6)
Batting: LHB Keith Beard 0-0: Called Strike
0-1: DOUBLE (Line Drive, 9LS)
Batting: LHB Jeff Daniels 0-0: Intentional Walk
Pinch Hitting: RHB Dexter Potter 0-0: Ground out 5-3 (Groundball, 5S)
Keith Beard to third
Jeff Daniels to second
Batting: RHB Paco Arellano 0-0: Intentional Walk
Pinch Hitting: LHB Donovan Bird 0-0: Swinging Strike
0-1: Called Strike
0-2: Strikes out swinging
Top of the 9th over - 0 run(s), 1 hit(s), 0 error(s), 3 left on base; Portland 5 - Jersey Shore 5
BOTTOM OF THE 9TH
Jersey Shore D-Bags batting - Pitching for Portland Cards : RHP César Menéndez
Pitching: RHP Steve Griffin
Now at 1B: John Cotton
Now in RF: Donovan Bird
Pinch Hitting: LHB Pat Zimmerman 0-0: Called Strike
0-1: Foul Ball, location: 2F
0-2: Foul Ball, location: 2F
0-2: Ball
1-2: Ball
2-2: Foul Ball, location: 2F
2-2: SINGLE (Groundball, 4)
Batting: RHB Owen Carter 0-0: Fly out, F7 (Flyball, 78M)
Batting: RHB Luis Ríos 0-0: 2-RUN HOME RUN (Flyball, 7LD), Distance : 356 ft
Monday, December 5th, 2016 - OOTP Baseball 17.12 Build 75